 Dungeon Crawl Stone Soup version 0.26.1-11-gd32895ea62 (webtiles) character file.

Game seed: 9262144916209127810

7280 dtburroughs the Cleaver (level 10, -12/91 HPs)
             Began as a Minotaur Berserker on July 8, 2021.
             Was an Elder of Trog.
             Killed by divine providence
             ... invoked by a meliai
              (16 damage)
             ... on level 10 of the Dungeon.
             The game lasted 00:21:24 (12178 turns).

dtburroughs the Cleaver (Minotaur Berserker)       Turns: 12178, Time: 00:21:25

Health: -12/91     AC: 18    Str: 21    XL:     10   Next: 89%
Magic:  9/9        EV: 11    Int: 13    God:    Trog [****..]
Gold:   538        SH:  4    Dex: 11    Spells: 9/9 levels left

rFire    + . .     SeeInvis .   y - +1 hand axe (freeze)
rCold    . . .     Faith    .   f - -1 buckler
rNeg     + . .     Spirit   .   i - +4 chain mail {rF+}
rPois    .         Reflect  .   (helmet restricted)
rElec    .         Harm     .   q - scarf {repulsion}
rCorr    .         Rampage  .   J - +0 pair of gloves
Will     .....                  o - +0 pair of boots
Stlth    ..........             (no amulet)
HPRegen  0.25/turn              h - +6 ring of intelligence
MPRegen  0.11/turn              z - ring of positive energy

@: repel missiles
A: retaliatory headbutt, horns 2
a: Renounce Religion, Berserk, Trog's Hand, Brothers in Arms


You were on level 10 of the Dungeon.
You worshipped Trog.
Trog was greatly pleased with you.
You visited 1 branch of the dungeon, and saw 11 of its levels.

You collected 538 gold pieces.

Inventory:

Hand Weapons
 r - a +1 war axe
 y - a +1 hand axe of freezing (weapon)
Armour
 f - a -1 buckler (worn)
 i - a +4 chain mail of fire resistance (worn)
 o - a +0 pair of boots (worn)
 q - a scarf of repulsion (worn)
 G - a +0 plate armour
 J - a +0 pair of gloves (worn)
Jewellery
 h - a +6 ring of intelligence (left hand)
 z - a ring of positive energy (right hand)
 B - an uncursed ring of fire
 E - a cursed ring of attention {unknown}
Wands
 w - a wand of digging (8)
 x - a wand of iceblast (10)
 C - a wand of paralysis (5)
 I - a wand of random effects (10)
Scrolls
 a - a scroll of fear {unknown}
 b - a scroll of immolation {unknown}
 d - 4 scrolls of teleportation
 e - 4 scrolls of remove curse
 g - 6 scrolls of enchant weapon
 l - a scroll of noise {unknown}
 m - 2 scrolls of amnesia {unknown}
 s - 3 scrolls of magic mapping {unknown}
 t - 2 scrolls of blinking {unknown}
 u - 2 scrolls of enchant armour {unknown}
 v - 4 scrolls of identify
 D - a scroll of holy word {unknown}
 F - a scroll of random uselessness {unknown}
 K - a scroll of silence {unknown}
Potions
 c - 4 potions of might {unknown}
 j - 2 potions of haste {unknown}
 k - a potion of curing
 n - a potion of lignification {unknown}
 p - a potion of degeneration {unknown}
 A - a potion of experience {unknown}
 H - a potion of heal wounds {unknown}


   Skills:
 + Level 9.2 Fighting
 + Level 9.3 Axes
 + Level 8.8 Armour
 + Level 7.9 Dodging
 + Level 8.1 Shields
 + Level 5.5 Evocations


You had 9 spell levels left.
You didn't know any spells.
Your spell library was empty.

Dungeon Overview and Level Annotations

Branches:
Dungeon (11/15)            Temple (0/1) D:7            Lair (0/6) D:10
    Orc: D:9-12

Altars:
Hepliaklqana
Kikubaaqudgha
Wu Jian
Zin
Beogh

Shops:
D:9 ::

Annotations:
D:5 1 runed translucent door


Innate Abilities, Weirdness & Mutations

You reflexively headbutt those who attack you in melee.
You have a pair of horns on your head.


Message History

The meliai hits you but does no damage. The meliai closely misses you.
The meliai barely misses you. x2; The meliai hits you with a +0 hand axe.
* * * LOW HITPOINT WARNING * * *
The meliai stings you.
* * * LOW HITPOINT WARNING * * *
You are lethally poisoned!
The meliai poisons you!
The meliai calls upon its god to heal the meliai.
The meliai is healed somewhat.
You climb upwards.
* * * LOW HITPOINT WARNING * * *
You feel very sick.
There is a stone staircase leading down here.
You feel better.
The meliai invokes the aid of its god against you.
Something smites you!
* * * LOW HITPOINT WARNING * * *
The meliai calls down the wrath of its god upon you.
Something smites you!
You die...

##.♣≈.## #...................♣
###.≈≈P.# #...######.......###.
#...≈≈≈.# #..........#........#
#.#.≈.≈.#####...#####...#.#..##..
..#....................#..#..##..
#.#...................###........
..#..##(...()..........#......#..
..#..##.#####...#####.#.......#..
........# #..y@y....##........#
.#...#### #...########...##.###
...#<# ####...# #.#.##.... .....#
#......# ##.#.##..## .....#
#.##...# ##...#....## ...###
#.###..# ##.<.#.#.#.##
...#######.##...#####.....##.#.##
...........##.#............#.#.##
........##......#####.....##.....


You could see 2 meliai.

Vanquished Creatures
  Harold (D:7)
  Joseph (D:7)
  A komodo dragon (D:10)
  3 trolls
  Sigmund (D:6)
  5 yaks (D:9)
  A wyvern (D:10)
  Eustachio (D:4)
  Menkaure (D:7)
  6 orc warriors
  2 necrophages
  An ice beast (D:7)
  A sky beast (D:9)
  An eye of draining (D:8)
  2 ogres
  2 phantoms
  2 centaurs
  3 bullfrogs
  2 scorpions
  5 killer bees (D:10)
  2 howler monkeys (D:8)
  An electric eel (D:10)
  A bullfrog zombie (D:7)
  7 hounds
  4 bullfrog skeletons (D:5)
  4 orc priests
  5 jellies
  5 orc wizards
  6 iguanas
  8 worker ants
  Natasha (thrice) (D:3)
  A killer bee zombie (D:6)
  Robin (D:2)
  4 gnolls (D:9)
  6 adders
  3 shadow imps
  2 white imps
  6 ufetubi
  3 oozes
  2 adder skeletons
  4 worms
  A dart slug (D:3)
  5 leopard geckos
  49 orcs
  A ball python (D:6)
  7 giant cockroaches
  13 goblins
  8 hobgoblins
  12 jackals
  8 kobolds
  4 quokkas
  4 bats
  6 frilled lizards
  2 leopard gecko zombies
  A quokka zombie (D:5)
  9 rats
250 creatures vanquished.

Vanquished Creatures (collateral kills)
  An ugly thing (D:9)
  An ogre (D:9)
2 creatures vanquished.

Vanquished Creatures (others)
  An orc wizard (D:7)
  78 plants (D:10)
79 creatures vanquished.

Grand Total: 331 creatures vanquished

Notes
Turn   | Place    | Note
-------+----------+-------------------------------------------
     0 | D:1      | dtburroughs the Minotaur Berserker began the quest for the
                  | Orb.
     0 | D:1      | Reached XP level 1. HP: 19/19 MP: 0/0
   305 | D:1      | Reached XP level 2. HP: 27/27 MP: 1/1
   944 | D:2      | Reached XP level 3. HP: 33/33 MP: 2/2
  1000 | D:2      | Found a faded altar of an unknown god.
  1372 | D:2      | Reached skill level 1 in Shields
  1566 | D:2      | Reached ** piety under Trog
  1803 | D:2      | Noticed Robin
  1812 | D:2      | Reached XP level 4. HP: 30/40 MP: 3/3
  1818 | D:2      | Killed Robin
  2202 | D:3      | Found an ancient bone altar of Kikubaaqudgha.
  2202 | D:3      | Found a hazy altar of Hepliaklqana.
  2264 | D:3      | Noticed Natasha
  2279 | D:3      | Killed Natasha
  2341 | D:3      | Reached XP level 5. HP: 37/47 MP: 4/4
  2634 | D:3      | Found an ornate altar of the Wu Jian Council.
  2804 | D:3      | Noticed Natasha
  2815 | D:3      | Killed Natasha
  2839 | D:3      | Noticed Natasha
  2872 | D:3      | Killed Natasha
  2873 | D:3      | Reached XP level 6. HP: 20/55 MP: 5/5
  3229 | D:4      | Reached skill level 5 in Fighting
  3527 | D:4      | Noticed Eustachio
  3553 | D:4      | Killed Eustachio
  3554 | D:4      | Reached skill level 5 in Axes
  3730 | D:4      | Reached skill level 1 in Evocations
  3784 | D:4      | Reached *** piety under Trog
  4095 | D:4      | Reached XP level 7. HP: 38/61 MP: 6/6
  4326 | D:5      | Entered Level 5 of the Dungeon
  4580 | D:5      | Reached skill level 5 in Armour
  4899 | D:5      | Found a glowing silver altar of Zin.
  4899 | D:5      | Noticed an angel
  4930 | D:5      | Found a runed translucent door.
  5562 | D:6      | Reached XP level 8. HP: 56/70 MP: 7/7
  5746 | D:6      | Found a glowing silver altar of Zin.
  5770 | D:6      | Reached **** piety under Trog
  5823 | D:6      | Reached skill level 5 in Dodging
  5974 | D:6      | Noticed Sigmund
  5980 | D:6      | Killed Sigmund
  6295 | D:6      | Reached skill level 5 in Shields
  6580 | D:7      | Noticed Menkaure
  6592 | D:7      | Killed Menkaure
  6708 | D:7      | Noticed Harold
  6721 | D:7      | Killed Harold
  6722 | D:7      | Reached XP level 9. HP: 67/79 MP: 8/8
  6753 | D:7      | Found a staircase to the Ecumenical Temple.
  6831 | D:7      | Noticed Joseph
  6863 | D:7      | Killed Joseph
  8097 | D:8      | Reached XP level 10. HP: 10/88 MP: 9/9
  8442 | D:8      | Found a roughly hewn altar of Beogh.
  8763 | D:9      | Found Herghu's Book Emporium.
  8924 | D:9      | Noticed a white ugly thing
  8945 | D:9      | Killed a white ugly thing
  9235 | D:9      | Found Cang's Book Shop.
  9278 | D:9      | Reached skill level 5 in Evocations
 10451 | D:10     | Entered Level 10 of the Dungeon
 10786 | D:10     | Found a staircase to the Lair.
 12178 | D:10     | HP: 4/91 [meliai/divine providence (14)]
 12178 | D:10     | Killed from afar by a meliai

Illustrated notes

Levels and vault maps discovered:
D:1:      saegor_arrival_simple_a, layout_loops_ring
D:2:      layout_basic, chequers_ecumenical_altar_island, uniq_robin
D:3:      layout_basic, general_overflow_altar, gammafunk_temple_overflow_wave,
          uniq_natasha
D:4:      layout_basic, uniq_eustachio
D:5:      layout_gridville, lemuel_angel_altar
D:6:      layout_cave_pods, zin_scriptorium, minmay_circle_x, uniq_sigmund
D:7:      layout_loops_ring, temple_statues, uniq_joseph, uniq_harold,
          uniq_menkaure
D:8:      lemuel_upstairs_altar, layout_gridville, special_room
          [special_room_orc]
D:9:      layout_stronghold, serial_shops, shop, shop
D:10:     layout_loops_cross, david_lair_shrubbed, serial_bayou,
          serial_bayou_pond_e, serial_bayou_lagoon_a, serial_bayou_pond_e,
          serial_bayou_shore_b
D:11:     layout_loops_ring, orc_david_3, serial_shops, shop

Skill      XL: |  1  2  3  4  5  6  7  8  9 10 |
---------------+-------------------------------+-----
Fighting       | 4 5 6 7 8 9 |  9.2
Axes           | 4 5 7 8 9 |  9.3
Armour         | 3 4 5 6 7 8 |  8.8
Shields        | 1 2 3 4 5 6 8 |  8.1
Dodging        | 3 4 6 7 |  7.9
Evocations     | 1 2 3 4 5 |  5.5

Action                   |  1- 3 |  4- 6 |  7- 9 | 10-12 || total
-------------------------+-------+-------+-------+-------++-------
Melee: Hand axe          |    91 |   102 |   213 |   272 ||   678
       Headbutt          |    15 |    31 |    60 |    58 ||   164
       War axe           |       |    41 |   105 |       ||   146
Invok: Trog's Hand       |       |     2 |     7 |     2 ||    11
       Berserk           |       |       |     1 |       ||     1
       Brothers in Arms  |       |       |       |     1 ||     1
Evoke: Wand              |       |     6 |     8 |       ||    14
  Use: Scroll            |       |       |     5 |       ||     5
       Potion            |       |       |       |     2 ||     2
Armor: Animal skin       |    16 |    13 |     1 |       ||    30
       Chain mail        |       |       |   132 |   116 ||   248
Dodge: Dodged            |    58 |    94 |   155 |   142 ||   449
       Repelled          |       |       |     2 |       ||     2
Block: Buckler           |     7 |    18 |    46 |    50 ||   121
